 Dungeon Crawl Stone Soup version 0.30-a0-373-gd37427bb62 (webtiles) character file.

Game seed: 8076648006213956957

227 Maxmaps the Trooper (level 5, -1/42 HPs)
             Began as a Demonspawn Gladiator on Nov 25, 2022.
             Slain by Edmund
             ... wielding a +3 vorpal flail
              (7 damage)
             ... on level 4 of the Dungeon.
             The game lasted 00:02:43 (2712 turns).

Maxmaps the Trooper (Demonspawn Gladiator)          Turns: 2712, Time: 00:02:43

Health: -1/42      AC: 15    Str: 14    XL:     5   Next: 70%
Magic:  5/5        EV:  7    Int: 11    God:
Gold:   145        SH:  0    Dex: 15    Spells: 4/4 levels left

rFire   . . .      SeeInvis .    E - +2 dagger (venom)
rCold   + . .      Faith    .    (no shield)
rNeg    . . .      Spirit   .    p - +0 chain mail
rPois   .          Reflect  .    c - +0 helmet
rElec   .          Harm     .    s - +2 cloak {Will+}
rCorr   .          Rampage  .    h - +0 pair of gloves
Will    +....                    z - +0 pair of boots
Stlth   ..........               (no amulet)
HPRegen 0.27/turn                o - ring of protection from cold
MPRegen 0.09/turn                (no ring)

@: no status effects
A: demonic guardian 1, foul stench 1
a: no special abilities


You were on level 4 of the Dungeon.
You visited 1 branch of the dungeon, and saw 4 of its levels.

You collected 145 gold pieces.

Inventory:

Hand Weapons
 a - a +0 long sword
 E - a +2 dagger of venom (weapon)
Missiles
 d - 4 throwing nets (quivered)
 e - a javelin
Armour
 c - a +0 helmet (worn)
 h - a +0 pair of gloves (worn)
 p - a +0 chain mail (worn)
 s - a +2 cloak of willpower (worn)
 z - a +0 pair of boots (worn)
Jewellery
 o - a ring of protection from cold (left hand)
 C - a ring of protection from fire
Wands
 v - a wand of paralysis (13)
Scrolls
 g - 4 scrolls of teleportation {unknown}
 i - a scroll of magic mapping {unknown}
 j - a scroll of immolation {unknown}
 k - 2 scrolls of fear {unknown}
 m - a scroll of vulnerability {unknown}
 q - a scroll of butterflies {unknown}
 u - a scroll of silence {unknown}
 w - 4 scrolls of noise {unknown}
 y - a scroll of identify {unknown}
 A - a scroll of torment {unknown}
Potions
 b - 2 potions of berserk rage {unknown}
 f - 4 potions of degeneration {unknown}
 l - a potion of heal wounds {unknown}
 n - a potion of attraction {unknown}
 r - a potion of flight {unknown}
 t - 2 potions of invisibility {unknown}
 x - a potion of ambrosia {unknown}
 B - a potion of lignification {unknown}
 D - a potion of curing {unknown}


   Skills:
 - Level 4.0 Fighting
 - Level 2.6 Long Blades
 - Level 1.7 Throwing
 + Level 3.4 Armour
 - Level 3.3 Dodging


You had 4 spell levels left.
You didn't know any spells.
Your spell library contained the following spells:

 Spells                   Type           Power      Damage    Failure   Level
 Foxfire                  Conj/Fire      0%         2x1d4     100%        1
 Fireball                 Conj/Fire      0%         3d3       100%        5
 Starburst                Conj/Fire      0%         6d3       100%        6


Dungeon Overview and Level Annotations

Branches:
Dungeon (4/15)
 Temple: D:4-7

Altars:
Trog

Annotations:
D:4 2 transporters, Edmund; sigtrap's ghost, amateur SpBr


Innate Abilities, Weirdness & Mutations

A weak demonic guardian rushes to your aid.
You may rarely emit foul miasma when damaged in melee.


Message History

You barely miss Edmund.
Edmund is lightly wounded.
The hound barely misses you. Edmund barely misses you. The hound bites you.
You hit Edmund but do no damage.
Edmund looks as sick as possible!
Edmund is lightly wounded.
Edmund hits you with a +3 vorpal flail. The hound bites you but does no damage.
You are too injured to fight recklessly!
You are too injured to fight recklessly!
You are too injured to fight recklessly!
You are too injured to fight recklessly!
You are too injured to fight recklessly!
You are too injured to fight recklessly!
You are too injured to fight recklessly!
You are too injured to fight recklessly!
You are too injured to fight recklessly!
You are too injured to fight recklessly!
You are too injured to fight recklessly!
You are too injured to fight recklessly!
You are too injured to fight recklessly!
You are too injured to fight recklessly!
You are too injured to fight recklessly!
You are too injured to fight recklessly!
You are too injured to fight recklessly!
You are too injured to fight recklessly!
You are too injured to fight recklessly!
You are too injured to fight recklessly!
You are too injured to fight recklessly!
Unknown command.
You hit Edmund but do no damage.
Edmund is lightly wounded.
The hound bites you but does no damage. Edmund hits you with a +3 vorpal flail!
* * * LOW HITPOINT WARNING * * *
You hit Edmund but do no damage.
Edmund is moderately wounded.
The hound bites you.
* * * LOW HITPOINT WARNING * * *
A demonic guardian appears!
Edmund says, "A flail is better than a scythe, any day of the week!"
Edmund hits you with a +3 vorpal flail!
You die...

.# .# .# .# .##########
.##.......# .##.#####.#
###.#####.# #########
#........# #.5.@...#
#..##.##.###.##h@....#
##........##...#.##.#.#
.............#.#.# #
....©..........#.#
#########...####.#
#8....h8##.... #..
©.....wgy#....###.
.#.....#W#....#


You could see Edmund (extremely poisoned), a hound (ally target) and a friendly
iron imp (summoned).

Vanquished Creatures
  A hound (D:4)
  Crazy Yiuf (D:2)
  3 gnolls (D:4)
  3 adders
  3 dart slugs (D:1)
  2 orcs (D:4)
  4 bats
  5 endoplasms
  2 giant cockroaches
  5 goblins
  4 hobgoblins
  2 jackals (D:1)
  5 kobolds
  4 quokkas
  9 ball pythons
  7 rats
60 creatures vanquished.

Vanquished Creatures (collateral kills)
  A jelly (D:4)
  An adder (D:2)
  A ball python (D:1)
  A bat (D:1)
4 creatures vanquished.

Grand Total: 64 creatures vanquished

Notes
Turn   | Place    | Note
-------+----------+-------------------------------------------
     0 | D:1      | Maxmaps the Demonspawn Gladiator began the quest for the
                  | Orb.
     0 | D:1      | Reached XP level 1. HP: 16/16 MP: 1/1
   182 | D:1      | Found a bloodstained altar of Trog.
   188 | D:1      | Gained mutation: A weak demonic guardian rushes to your
                  | aid. [demonic ancestry]
   188 | D:1      | Reached XP level 2. HP: 14/23 MP: 2/2
   283 | D:1      | Reached skill level 3 in Fighting
   451 | D:1      | Gained mutation: You may rarely emit foul miasma when
                  | damaged in melee. [demonic ancestry]
   451 | D:1      | Reached XP level 3. HP: 19/29 MP: 3/3
   831 | D:2      | Found a faded altar of an unknown god.
   845 | D:2      | Reached skill level 4 in Fighting
   971 | D:2      | Found a runed translucent door.
   972 | D:2      | Noticed Crazy Yiuf
  1022 | D:2      | Killed Crazy Yiuf
  1023 | D:2      | Reached skill level 1 in Armour
  1023 | D:2      | Reached XP level 4. HP: 5/37 MP: 4/4
  2208 | D:4      | Reached XP level 5. HP: 10/42 MP: 5/5
  2665 | D:4      | Found a transporter.
  2669 | D:4      | Found a transporter.
  2669 | D:4      | Noticed sigtrap's ghost (amateur SpBr)
  2669 | D:4      | Noticed a hornet
  2700 | D:4      | Noticed Edmund
  2712 | D:4      | Slain by Edmund

Illustrated notes

Levels and vault maps discovered:
D:1:      dpeg_arrival_round_c, layout_basic, minmay_hexomino_r4
D:2:      layout_rooms, ebering_ecumenical_altar_mist, uniq_crazy_yiuf_cottage
D:3:      layout_basic
D:4:      layout_loops_cross, gammafunk_ghost_arena, uniq_edmund

Skill      XL: |  1  2  3  4  5 |
---------------+----------------+-----
Fighting       | 3 4 |  4.0
Armour         | 1 2 3 |  3.4
Dodging        | 3 |  3.3
Long Blades    | |  2.6
Throwing       | |  1.7

Action                   |  1- 3 |  4- 6 || total
-------------------------+-------+-------++-------
Melee: Long sword        |    95 |   106 ||   201
       Punch             |       |     1 ||     1
       Dagger            |       |    14 ||    14
 Stab: Sleeping          |     1 |       ||     1
Armor: Leather armour    |    44 |       ||    44
       Chain mail        |     6 |   125 ||   131
Dodge: Dodged            |    66 |    70 ||   136

Table legend: (Time is in decaauts)
 A = Elapsed time spent in this place.
 B = Non-inter-level travel time spent in this place.
 C = Inter-level travel time spent in this place.
 D = Time resting spent in this place.
 E = Time spent auto-exploring this place.
 F = Levels seen in this place.
 G = Mean time per level.
                   A        B        C        D        E       F      G
               +--------+--------+--------+--------+--------+-----+--------+
         Total |   2762 |   2683 |     79 |    485 |   1632 |   4 |  690.5 |
       Dungeon |   2762 |   2683 |     79 |    485 |   1632 |   4 |  690.5 |
               +--------+--------+--------+--------+--------+-----+--------+

Top non-repeatable levels by time:
     D:2: 787 daAuts
     D:3: 692 daAuts
     D:1: 671 daAuts
     D:4: 611 daAuts
